 Dungeon Crawl Stone Soup version 0.26-a0-858-gbf766624f9 (webtiles) character file.

Game seed: 13465797372457141139

8099 jiml777 the Thaumaturge (level 11, -2/54 HPs)
             Began as a Deep Elf Air Elementalist on Nov 24, 2020.
             Was a Believer of Sif Muna.
             Slain by an orc warrior
             ... wielding a +0 mace
              (11 damage)
             ... on level 7 of the Dungeon.
             The game lasted 01:22:05 (10152 turns).

jiml777 the Thaumaturge (DEAE)                     Turns: 10152, Time: 01:22:05

Health: -2/54      AC: 11    Str: 11    XL:     11   Next: 5%
Magic:  25/28      EV: 13    Int: 30    God:    Sif Muna [**....]
Gold:   51         SH:  0    Dex: 10    Spells: 13/32 levels left

rFire    . . .     SeeInvis +   p - +3 quarterstaff (chaos)
rCold    . . .     Faith    .   (shield currently unavailable)
rNeg     . . .     Spirit   .   j - +1 robe
rPois    .         Reflect  .   o - +2 helmet
rElec    .         Harm     .   h - +0 cloak
rCorr    .         Rampage  .   q - +2 pair of gloves
MR       +....                  z - +0 pair of boots
Stlth    ++........             c - amulet of magic regeneration
HPRegen  0.18/turn              e - ring of wizardry
MPRegen  0.46/turn              B - ring of Cowardice {Str+6 Int+6 Dex-5 SInv}

@: swift (expiring), very quick
A: no striking features
a: Channel Magic, Renounce Religion


You were on level 7 of the Dungeon.
You worshipped Sif Muna.
Sif Muna was pleased with you.
You visited 2 branches of the dungeon, and saw 10 of its levels.

You collected 539 gold pieces.
You spent 488 gold pieces at shops.

Inventory:

Hand Weapons
 k - a +1 dagger of chaos
 n - a +2 scimitar of flaming
 p - a +3 quarterstaff of chaos (weapon)
Missiles
 g - 67 arrows
 m - 8 curare-tipped darts
 t - 16 poisoned darts (quivered)
Armour
 h - a +0 cloak (worn)
 j - a +1 robe (worn)
 o - a +2 helmet (worn)
 q - a +2 pair of gloves (worn)
 z - a +0 pair of boots (worn)
Jewellery
 c - an amulet of magic regeneration (around neck)
 e - a ring of wizardry (left hand)
 s - an uncursed amulet of reflection
 y - an uncursed amulet of regeneration
 B - the ring of Cowardice (right hand) {Str+6 Int+6 Dex-5 SInv}
   (You bought it in a shop on level 4 of the Dungeon)

   [ring of see invisible]

   It affects your strength (+6).
   It affects your intelligence (+6).
   It affects your dexterity (-5).
   It lets you see invisible.
 E - a +6 ring of dexterity
 F - an uncursed ring of wizardry
Wands
 u - a wand of polymorph (8)
Scrolls
 d - 4 scrolls of teleportation
 f - 4 scrolls of remove curse
 r - 2 scrolls of fog
 A - 2 scrolls of magic mapping
Potions
 a - a potion of cancellation
 b - 3 potions of curing
 i - 3 potions of brilliance
 v - a potion of resistance
 w - a potion of might
 x - a potion of haste {unknown}
 C - a potion of ambrosia {unknown}
 G - a potion of attraction {unknown}


   Skills:
 + Level 0.1 Fighting
 + Level 3.3 Dodging
 + Level 4.1 Stealth
 + Level 11.3 Spellcasting
 * Level 6.4 Conjurations
 * Level 2.9 Transmutations
 + Level 9.8 Air Magic
 * Level 3.1 Earth Magic
 * Level 4.9 Invocations
 * Level 7.4 Evocations


You had 13 spell levels left.
You knew the following spells:

 Your Spells              Type           Power        Failure   Level
a - Shock                 Conj/Air       ####         1%          1
b - Swiftness             Air            ######..     1%          2
c - Static Discharge      Conj/Air       ######..     1%          3
d - Airstrike             Air            ######....   1%          4
e - Lightning Bolt        Conj/Air       ######....   1%          5
f - Petrify               Tmut/Erth      #####...     3%          4

Your spell library contained the following spells:

 Spells                   Type           Power        Failure   Level
 Magic Dart               Conj           ####         1%          1
 Searing Ray              Conj           ######       1%          2
 Dazzling Flash           Conj/Hex       #####.       1%          3
 Confusing Touch          Hex            ###.....     3%          3
 Gell's Gravitas          Tloc           ###.......   3%          3
 Fulminant Prism          Conj/Hex       #####.....   3%          4
 Iskenderun's Mystic Bla  Conj/Tloc      #####...     3%          4
 Yara's Violent Unravell  Hex/Tmut       ####......   19%         5
 Metabolic Englaciation   Hex/Ice        ###.......   32%         5


Dungeon Overview and Level Annotations

Branches:
Dungeon (9/15)             Temple (1/1) D:6            Lair (0/6) D:8
    Orc: D:9-12

Altars:
Cheibriados
Dithmenos
Fedhas
Hepliaklqana
Kikubaaqudgha
Makhleb
Nemelex Xobeh
Okawaru
Sif Muna
Vehumet
Xom
Yredelemnul
The Shining One
Beogh

Shops:
D:4 =   D:6 [

Annotations:
D:6 1 runed translucent door, felt's ghost, novice GnTm
D:7 1 transporter


Message History

The orc warrior hits you with a +0 mace!
Your magical contamination has completely faded away.
Casting: Airstrike (safe; 1% risk of failure)
Confirm with . or Enter, or press ? or * to list all spells.
Press: ? - help, Dir - move target cursor, f - orc priest
Aim: an orc priest, wielding a -2 mace The air twists around and strikes the orc priest!
You kill the orc priest!
Sif Muna accepts your kill.
The orc wizard hits you but does no damage.
The orc warrior hits you with a +0 mace!!
* * * LOW HITPOINT WARNING * * *
Okay, then.
Okay, then.
Okay, then.
You feel better.
The orc wizard hits you with a +0 dagger.
* * * LOW HITPOINT WARNING * * *
The orc warrior hits you with a +0 mace!
You die...

#............# #....#
#####.###.
############.#
######### #.###.
#.###......... #.....
#.##...# ##.. #.....
#.##).. (#..o.#.....
#..#)# .....#o#.....
#..#.##.8.8.##.#.....
#.©#o#..._...#o#©....
##.#@##.8.8.##.#.....
#.#o#:.....$#.#.....
###o...#.#..o.######
#...## ##...
##....©....#
#########


You could see an orc warrior, an orc wizard and an orc.

Vanquished Creatures
  An ogre mage (D:7)
  A boulder beetle (D:9)
  Erica (D:9)
  A komodo dragon (D:8)
  9 yaks
  4 water moccasins
  2 orc warriors
  2 sky beasts
  2 ice beasts
  2 black bears
  2 phantoms
  2 ogres
  A big kobold (D:9)
  16 bullfrogs
  A water moccasin skeleton (D:7)
  4 scorpions
  A jelly (D:9)
  9 wights (D:9)
  A howler monkey (D:8)
  A hound (D:5)
  9 orc priests
  2 bullfrog skeletons
  A centaur skeleton (D:5)
  Crazy Yiuf (D:6)
  3 iguanas
  12 orc wizards
  3 worker ants
  2 howler monkey zombies
  A worker ant zombie (D:8)
  7 adders
  6 shadow imps
  4 white imps (D:5)
  2 ufetubi
  3 oozes
  An adder zombie (D:8)
  A worm (D:3)
  2 dart slugs
  7 leopard geckos
  37 orcs
  7 bats
  5 giant cockroaches
  4 goblins
  7 hobgoblins
  4 jackals (D:2)
  3 quokkas
  2 ball pythons
  4 frilled lizards
  A giant cockroach zombie (D:5)
  10 kobolds
  7 rats
221 creatures vanquished.

Vanquished Creatures (others)
  41 fungi (D:8)
  49 plants (D:8)
90 creatures vanquished.

Grand Total: 311 creatures vanquished

Notes
Turn   | Place    | Note
-------+----------+-------------------------------------------
     0 | D:1      | jiml777 the Deep Elf Air Elementalist began the quest for
                  | the Orb.
     0 | D:1      | Reached XP level 1. HP: 10/10 MP: 6/6
   279 | D:1      | Reached XP level 2. HP: 15/15 MP: 6/8
   879 | D:2      | Reached XP level 3. HP: 18/19 MP: 5/9
  1894 | D:2      | Reached XP level 4. HP: 22/24 MP: 8/11
  1989 | D:3      | Found a shadowy altar of Dithmenos.
  2868 | D:4      | Reached XP level 5. HP: 28/28 MP: 8/12
  2876 | D:4      | Reached skill level 4 in Spellcasting
  2876 | D:4      | Reached skill level 1 in Evocations
  3046 | D:4      | Learned a level 2 spell: Swiftness
  3050 | D:4      | Learned a level 3 spell: Static Discharge
  3055 | D:4      | Learned a level 4 spell: Airstrike
  3390 | D:4      | Noticed a phantom
  3393 | D:4      | Killed a phantom
  3394 | D:4      | Reached XP level 6. HP: 32/32 MP: 2/15
  3798 | D:4      | Found Ruowkim's Jewellery Shop.
  3805 | D:4      | Bought a cursed -4 ring of intelligence for 24 gold pieces
  3805 | D:4      | Bought a cursed amulet of inaccuracy for 24 gold pieces
  4324 | D:5      | Entered Level 5 of the Dungeon
  4559 | D:5      | Reached skill level 5 in Air Magic
  4563 | D:5      | Reached skill level 5 in Spellcasting
  4714 | D:5      | Reached XP level 7. HP: 36/36 MP: 7/16
  4824 | D:5      | Found a sparkling altar of Nemelex Xobeh.
  5404 | D:6      | Found a blossoming altar of Fedhas.
  5404 | D:6      | Found a radiant altar of Vehumet.
  5419 | D:6      | Reached skill level 6 in Spellcasting
  5603 | D:6      | Found a staircase to the Ecumenical Temple.
  5611 | Temple   | Entered the Ecumenical Temple
  5617 | Temple   | Became a worshipper of Sif Muna the Loreminder
  5670 | D:6      | Found a basalt altar of Yredelemnul.
  5672 | D:6      | Found a runed translucent door.
  5674 | D:6      | Found a shimmering altar of Xom.
  5674 | D:6      | Noticed felt's ghost (novice GnTm)
  5674 | D:6      | Noticed a +2 trident of chaos
  5689 | D:6      | Found a shimmering altar of Xom.
  5692 | D:6      | Found a burning altar of Makhleb.
  5766 | D:6      | Found Ziclug's Armour Shoppe.
  5776 | D:6      | Reached XP level 8. HP: 40/41 MP: 4/20
  5788 | D:6      | Reached skill level 7 in Spellcasting
  5921 | D:6      | Found a runed translucent door.
  5922 | D:6      | Noticed Crazy Yiuf
  5927 | D:6      | Killed Crazy Yiuf
  6374 | D:7      | Reached skill level 5 in Evocations
  6492 | D:7      | Found a transporter.
  6496 | D:7      | Noticed an ogre mage
  6655 | D:7      | Reached skill level 8 in Spellcasting
  6655 | D:7      | Reached skill level 1 in Invocations
  7121 | D:8      | Reached XP level 9. HP: 45/45 MP: 5/23
  7148 | D:8      | Reached * piety under Sif Muna
  7405 | D:8      | Reached skill level 9 in Spellcasting
  7450 | D:8      | Noticed a komodo dragon
  7454 | D:8      | Killed a komodo dragon
  7539 | D:8      | Learned a level 5 spell: Lightning Bolt
  7567 | D:8      | Reached skill level 10 in Spellcasting
  7567 | D:8      | Reached skill level 5 in Conjurations
  7756 | D:8      | Found a staircase to the Lair.
  8266 | D:9      | Reached XP level 10. HP: 50/50 MP: 17/26
  8432 | D:9      | Reached ** piety under Sif Muna
  8513 | D:9      | Noticed a boulder beetle
  8603 | D:9      | Learned a level 4 spell: Petrify
  8751 | D:9      | HP: 1/50 [yak (8)]
  8761 | D:9      | HP: 2/50 [yak (1)]
  8822 | D:9      | Reached skill level 1 in Transmutations
  9117 | D:9      | Killed a boulder beetle
  9118 | D:9      | Reached skill level 1 in Earth Magic
  9126 | D:9      | Noticed Erica
  9130 | D:9      | Killed Erica
  9131 | D:9      | Reached skill level 11 in Spellcasting
 10030 | D:4      | Bought the ring of Cowardice {Str+6 Int+6 Dex-5 SInv} for
                  | 440 gold pieces
 10134 | D:7      | Found a roughly hewn altar of Beogh.
 10134 | D:7      | Found a transporter.
 10149 | D:7      | Killed an ogre mage
 10150 | D:7      | Reached XP level 11. HP: 33/54 MP: 5/28
 10151 | D:7      | HP: 2/54 [orc warrior/+0 mace (18)]
 10152 | D:7      | Slain by an orc warrior

Illustrated notes

Levels and vault maps discovered:
D:1:      dpeg_arrival_short_road, layout_loops_cross
D:2:      layout_loops_ring, grunt_decor_clamped, serial_bayou_pond_d
D:3:      layout_loops_ring, lemuel_crystal_altar, kennysheep_minor_cross
D:4:      layout_basic, serial_shops, shop
D:5:      layout_loops_ring, minmay_misc_feat_roman, lemuel_tele_altar
D:6:      layout_rooms, gammafunk_temple_overflow_wave,
          grunt_temple_overflow_open, temple_fountains, serial_shops, shop,
          ebering_ghost_xom, uniq_crazy_yiuf_cottage
D:7:      gammafunk_beogh_shrine, layout_rooms
D:8:      layout_basic, due_lair_maze_entry_diamond
D:9:      layout_irregular_city, minmay_misc_feat_iff, uniq_erica
Temple:   eino_temple_rhombus

Skill      XL: |  1  2  3  4  5  6  7  8  9 10 |
---------------+-------------------------------+-----
Dodging        | 3 |  3.3
Conjurations   | 2 4 5 6 |  6.4
Air Magic      | 4 5 7 8 9 |  9.8
Stealth        | 3 4 |  4.1
Spellcasting   | 4 5 6 8 10 11 | 11.3
Evocations     | 2 3 4 5 6 7 |  7.4
Invocations    | 1 3 4 |  4.9
Transmutations | 2 |  2.9
Earth Magic    | 3 |  3.1
Fighting       | |  0.1

Action                   |  1- 3 |  4- 6 |  7- 9 | 10-12 || total
-------------------------+-------+-------+-------+-------++-------
Melee: Short sword       |     1 |       |       |       ||     1
       Quarterstaff      |       |       |     2 |       ||     2
 Cast: Shock             |    82 |    65 |    28 |     9 ||   184
       Airstrike         |       |    19 |   122 |    65 ||   206
       Lightning Bolt    |       |       |     2 |    21 ||    23
       Swiftness         |       |       |       |     2 ||     2
Invok: Channel Magic     |       |       |       |     3 ||     3
  Use: Scroll            |       |     9 |     7 |     3 ||    19
       Potion            |       |       |     1 |     5 ||     6
Armor: Robe              |       |     5 |    11 |     6 ||    22
Dodge: Dodged            |    22 |     8 |    21 |    23 ||    74

Table legend: (Time is in decaauts)
 A = Elapsed time spent in this place.
 B = Non-inter-level travel time spent in this place.
 C = Inter-level travel time spent in this place.
 D = Time resting spent in this place.
 E = Time spent auto-exploring this place.
 F = Levels seen in this place.
 G = Mean time per level.
                   A        B        C        D        E       F      G
               +--------+--------+--------+--------+--------+-----+--------+
         Total |  10157 |   9824 |    333 |   3344 |   4256 |  10 | 1015.7 |
       Dungeon |  10144 |   9817 |    327 |   3344 |   4256 |   9 | 1127.1 |
        Temple |     12 |      6 |      6 |      0 |      0 |   1 |   12.0 |
               +--------+--------+--------+--------+--------+-----+--------+

Top non-repeatable levels by time:
     D:9: 1786 daAuts
     D:4: 1578 daAuts
     D:2: 1201 daAuts
     D:8: 1140 daAuts
     D:5: 1091 daAuts
     D:7: 949 daAuts
     D:3: 882 daAuts
     D:1: 767 daAuts
     D:6: 746 daAuts
  Temple: 12 daAuts
